 Dungeon Crawl Stone Soup version 0.30.1-4-g462c640d31 (webtiles) character file.

Game seed: 10103362605507673649

517 booth the Chopper (level 7, -1/52 HPs)
             Began as a Demonspawn Gladiator on Aug 20, 2023.
             Killed by divine providence
             ... invoked by an orc priest
              (15 damage)
             ... on level 4 of the Dungeon.
             The game lasted 00:17:56 (3019 turns).

booth the Chopper (Demonspawn Gladiator)            Turns: 3019, Time: 00:17:57

Health: -1/52      AC:  9    Str: 16    XL:     7   Next: 0%
Magic:  10/10      EV: 13    Int:  9    God:
Gold:   224        SH:  0    Dex: 15    Spells: 10/10 levels left

rFire   . . .        a - +0 war axe (freeze)
rCold   . . .        (no shield)
rNeg    . . .        b - +0 leather armour
rPois   .            c - +0 helmet
rElec   .            g - +1 cloak
rCorr   .            (no gloves)
SInv    +            i - +0 pair of boots
Will    .....        (no amulet)
Stlth   +            l - ring of see invisible
HPRegen 0.28/turn    (no ring)
MPRegen 0.12/turn

%: no passive effects
@: no status effects
A: powered by death 3, sharp scales 2
a: no special abilities


You were on level 4 of the Dungeon.
You visited 1 branch of the dungeon, and saw 4 of its levels.
You also visited: Sewer.

You collected 224 gold pieces.

Inventory:

Hand Weapons
 a - a +0 war axe of freezing (weapon)
 j - a +0 mace
Missiles
 d - 3 throwing nets (quivered)
 k - 5 poisoned darts
Armour
 b - a +0 leather armour (worn)
 c - a +0 helmet (worn)
 f - a +0 ring mail
 g - a +1 cloak (worn)
 i - a +0 pair of boots (worn)
Jewellery
 l - a ring of see invisible (left hand)
Scrolls
 h - 2 scrolls of fear
 m - a scroll of brand weapon
 n - 2 scrolls of identify
 r - 2 scrolls of fog
 w - a scroll of acquirement
Potions
 o - a potion of ambrosia
 p - 3 potions of curing
 q - a potion of haste
 s - 2 potions of invisibility
 t - a potion of flight {unknown}
 u - a potion of berserk rage {unknown}
 v - a potion of mutation {unknown}


   Skills:
 + Level 3.6 Fighting
 * Level 4.7 Axes
 + Level 3.2 Throwing
 + Level 3.8 Dodging
 + Level 2.2 Spellcasting


You had 10 spell levels left.
You didn't know any spells.
Your spell library contained the following spells:

 Spells                   Type           Power      Damage    Failure   Level
 Beastly Appendage        Tmut           0%         N/A       38%         1
 Wereblood                Tmut           0%         N/A       52%         2
 Spider Form              Tmut/Pois      0%         N/A       77%         3
 Tukima's Dance           Hex            0%         N/A       77%         3
 Passage of Golubria      Tloc           0%         N/A       99%         4
 Yara's Violent Unravell  Hex/Tmut       0%         3d3       100%        5


Dungeon Overview and Level Annotations

Branches:
Dungeon (4/15)              Sewer (visited)
 Temple: D:4-7

Altars:
Kikubaaqudgha


Innate Abilities, Weirdness & Mutations

You regenerate a lot of health from kills.
You are mostly covered in razor-sharp scales. (AC +2, Slay +2)


Message History

The orc priest mumbles some strange prayers to Beogh against you.
Beogh smites you!
The orc wizard casts a spell.
The orc wizard flickers and vanishes for a moment.
The orc priest invokes the aid of Beogh against you.
Beogh smites you!
Things that are here:
a +0 dagger; a +0 robe; an orc corpse It was a potion of invisibility.
You fade into invisibility!
The orc barely misses you.
The orc wizard points at the goblin and mumbles some strange words.
The orc priest calls down the wrath of Beogh upon something.
The goblin writhes in agony!
The goblin dies!
You see here the +8 storm bow {elec, penet}.
Throw: javelin
Press: ? - help, Q - select action, (/) - cycle Shift-Dir - straight line, f - orc
Aim: an orc, wielding a +0 mace (unable to see you, 63% to hit)
You throw a javelin. The javelin pierces through the orc!
You kill the orc!
The javelin barely misses the orc priest.
The javelin closely misses the orc wizard.
The javelin pierces through the orc.
The orc is heavily wounded.
The orc priest begins to cast a cantrip, but forgets the words!
This is a scroll of acquirement!
An orc priest is nearby!
You flicker for a moment.
The orc priest mumbles some strange prayers to Beogh against something.
Pain shoots through your body!
You flicker back into view.
The orc priest mumbles some strange prayers to Beogh against you.
Pain shoots through your body!
* * * LOW HITPOINT WARNING * * *
The orc wizard gestures wildly while chanting.
The orc wizard flickers and vanishes for a moment.
The orc priest calls down the wrath of Beogh upon you.
Beogh smites you!
You die...

. ###### #o# #. #....
###.# # #. #...# ..#o#
.. #.? ...# #.#.#
#.##.##..## #.#.#
........# #######.#.#
#.#.#..# ........o.#
#......#############o###
###.#..@.....oo.o# #.#
#.############.###.#
#...).......##..o..#
###########.########
#..<#.##.# #.###....#
#.# #.#### #.###.#
#.....#


You could see an orc priest and an orc.

Vanquished Creatures
  Sigmund (D:2)
  A water moccasin (Sewer)
  A scorpion (D:4)
  An orc wizard (D:4)
  5 adders
  3 river rats (D:4)
  2 gnolls (D:3)
  6 worms (D:4)
  2 orcs
  5 ball pythons
  5 bats
  4 endoplasms
  3 giant cockroaches
  3 goblins
  5 hobgoblins
  3 jackals (Sewer)
  2 quokkas
  A frilled lizard (D:3)
  4 kobolds (D:2)
  12 rats
69 creatures vanquished.

Vanquished Creatures (others)
  A human (D:3)
  A goblin (D:4)
2 creatures vanquished.

Grand Total: 71 creatures vanquished

Notes
Turn   | Place    | Note
-------+----------+-------------------------------------------
     0 | D:1      | booth the Demonspawn Gladiator began the quest for the Orb.
     0 | D:1      | Reached XP level 1. HP: 16/16 MP: 1/1
   219 | D:1      | Found a faded altar of an unknown god.
   438 | D:1      | Gained mutation: You regenerate a little health from kills.
                  | [demonic ancestry]
   438 | D:1      | Reached XP level 2. HP: 22/22 MP: 2/2
  1350 | D:2      | Reached skill level 3 in Axes
  1365 | D:2      | Gained mutation: You regenerate health from kills. [demonic
                  | ancestry]
  1365 | D:2      | Reached XP level 3. HP: 23/28 MP: 3/3
  1445 | D:2      | Noticed Sigmund
  1473 | D:2      | Killed Sigmund
  1474 | D:2      | Reached skill level 1 in Spellcasting
  1474 | D:2      | Gained mutation: You are partially covered in razor-sharp
                  | scales. (AC +1, Slay +1) [demonic ancestry]
  1474 | D:2      | Reached XP level 4. HP: 35/35 MP: 3/6
  1474 | D:2      | Gained mutation: You regenerate a lot of health from kills.
                  | [demonic ancestry]
  1474 | D:2      | Reached XP level 5. HP: 41/41 MP: 3/7
  1974 | D:3      | Found an ancient bone altar of Kikubaaqudgha.
  1975 | D:3      | Noticed a human
  1978 | D:3      | Killed a human
  2187 | D:3      | Reached skill level 4 in Axes
  2451 | D:4      | Reached XP level 6. HP: 27/47 MP: 8/8
  2581 | D:4      | Found the +8 storm bow {elec, penet}
  2688 | D:4      | Found a glowing drain.
  2697 | Sewer    | Entered a sewer
  2775 | Sewer    | Noticed a water moccasin
  2786 | Sewer    | Killed a water moccasin
  2958 | D:4      | Gained mutation: You are mostly covered in razor-sharp
                  | scales. (AC +2, Slay +2) [demonic ancestry]
  2958 | D:4      | Reached XP level 7. HP: 52/52 MP: 10/10
  2987 | D:4      | Identified a scroll of acquirement
  3019 | D:4      | Killed from afar by an orc priest

Illustrated notes

Levels and vault maps discovered:
D:1:      wheals_arrival_linesprint, layout_loops_ring,
          hellmonk_ecumenical_altar_zigzags
D:2:      layout_basic, minmay_joined_circles, uniq_sigmund
D:3:      layout_rooms, tgw_kikubaaqudgha,
          nicolae_concentric_dashed_squares_wild
D:4:      layout_basic, lightli_sewer_entry_pipes

Skill      XL: |  1  2  3  4  5  6 |
---------------+-------------------+-----
Throwing       | 2 3 |  3.2
Axes           | 3 4 |  4.7
Dodging        | 3 |  3.8
Fighting       | 3 |  3.6
Spellcasting   | 1 2 |  2.2

Action                     |  1- 3 |  4- 6 |  7- 9 || total
---------------------------+-------+-------+-------++-------
  Melee: War axe           |    84 |   164 |       ||   248
         Punch             |     1 |       |       ||     1
  Throw: Javelin           |       |     1 |     1 ||     2
    Use: Scroll            |     5 |     4 |       ||     9
         Potion            |     5 |     2 |     1 ||     8
 Armour: Leather armour    |    25 |    59 |       ||    84
         Skin              |     8 |       |       ||     8
  Dodge: Dodged            |    53 |   120 |     1 ||   174
